 Dungeon Crawl Stone Soup version 0.31-a0-590-g8a5a4361df (webtiles) character file.

Game seed: 13649045582865750206

247 dialectric the Slasher (level 5, -1/42 HPs)
             Began as a Demonspawn Fighter on Aug 19, 2023.
             Slain by Ijyb
             ... wielding a +0 dagger
              (5 damage)
             ... on level 3 of the Dungeon.
             The game lasted 00:02:23 (2389 turns).

dialectric the Slasher (Demonspawn Fighter)         Turns: 2389, Time: 00:02:24

Health: -1/42      AC:  6    Str: 18    XL:     5   Next: 85%
Magic:  5/5        EV: 10    Int:  9    God:
Gold:   92         SH:  0    Dex: 13    Spells: 4/4 levels left

rFire   . . .        a - +0 long sword
rCold   . . .        (no shield)
rNeg    + . .        b - +0 scale mail
rPois   .            (no helmet)
rElec   .            (no cloak)
rCorr   .            (no gloves)
SInv    .            (no boots)
Will    .....        (no amulet) Stlth
                     d - ring of positive energy
HPRegen 0.27/turn    (no ring)
MPRegen 0.09/turn

%: no passive effects
@: no status effects
A: claws 1, powered by pain 1
a: no special abilities


You were on level 3 of the Dungeon.
You visited 1 branch of the dungeon, and saw 3 of its levels.

You collected 92 gold pieces.

Inventory:

Hand Weapons
 a - a +0 long sword (weapon)
Armour
 b - a +0 scale mail (worn)
 c - a +0 buckler
 h - a +0 pair of boots
Jewellery
 d - a ring of positive energy (left claw)
Wands
 m - a wand of light (12)
Scrolls
 e - a scroll of fog {unknown}
 f - a scroll of fear {unknown}
 i - 2 scrolls of vulnerability {unknown}
 j - a scroll of enchant armour {unknown}
 k - a scroll of identify {unknown}
Potions
 g - a potion of curing {unknown}
 l - 4 potions of invisibility {unknown}


   Skills:
 + Level 3.7 Fighting
 + Level 3.9 Long Blades
 + Level 3.6 Armour
 * Level 2.1 Dodging
 - Level 2.6 Shields


You had 4 spell levels left.
You didn't know any spells.
Your spell library contained the following spells:

 Spells                   Type           Power      Damage    Failure   Level
 Lesser Beckoning         Tloc           0%         N/A       88%         2
 Gell's Gravitas          Tloc           0%         N/A       98%         3
 Teleport Other           Tloc           0%         N/A       98%         3


Dungeon Overview and Level Annotations

Branches:
Dungeon (3/15)

Altars:
Xom

Shops:
D:1 !   D:2 !

Annotations:
D:1 1 transporter
D:3 Ijyb


Innate Abilities, Weirdness & Mutations

You have sharp fingernails.
You sometimes gain a little power by taking damage.


Message History

Ijyb is severely wounded.
Ijyb hits you but does no damage.
You barely miss Ijyb.
Ijyb is severely wounded.
Ijyb closely misses you.
You closely miss Ijyb.
Ijyb is severely wounded.
Ijyb barely misses you.
You closely miss Ijyb.
Ijyb is severely wounded.
Ijyb barely misses you.
Ijyb zaps a wand.
Your mind is blasted!
You hit Ijyb.
Ijyb is severely wounded.
Ijyb screams, "Me very upset!"
Ijyb zaps a wand.
Your mind is blasted!
You are too injured to fight recklessly!
You are too injured to fight recklessly!
You are too injured to fight recklessly!
You are too injured to fight recklessly!
You are too injured to fight recklessly!
You are too injured to fight recklessly!
You are too injured to fight recklessly!
Unknown command.
You hit Ijyb.
Ijyb is almost dead.
Ijyb barely misses you.
You hit Ijyb.
Ijyb is almost dead.
Ijyb hits you with a +0 dagger.
You hit Ijyb but do no damage.
Ijyb is almost dead.
Ijyb screams, "No!
No, no, no, no!"
Ijyb zaps a wand.
Your mind is blasted!
* * * LOW HITPOINT WARNING * * *
You hit Ijyb but do no damage.
Ijyb is almost dead.
Ijyb zaps a wand.
Your mind is blasted!
* * * LOW HITPOINT WARNING * * *
Ijyb hits you with a +0 dagger.
You die...

# #######.#.## #
#.......#..### #
#.#.######...# # #.### #
###.# # #.####.#####.# #
#.#....##....# ####
#.#.# #.##.#
...########.#.#####.##.#
............#..g@...##.#
..####################.#
### #.......#....... ..#
#.#####.#.##########
#####.#####.#.#
.#....##....#.#
.#.#####.####.# )#.#
#.### .# .#.# #...##.#


You could see Ijyb.

Vanquished Creatures
  An ogre (D:2)
  An orc priest (D:3)
  An orc wizard (D:2)
  5 adders (D:2)
  A dart slug (D:2)
  3 orcs
  5 ball pythons
  4 bats
  5 endoplasms
  A giant cockroach (D:1)
  6 goblins
  5 hobgoblins
  2 jackals (D:3)
  2 quokkas
  6 frilled lizards
  4 kobolds
  6 rats
58 creatures vanquished.

Notes
Turn   | Place    | Note
-------+----------+-------------------------------------------
     0 | D:1      | dialectric the Demonspawn Fighter began the quest for the
                  | Orb.
     0 | D:1      | Reached XP level 1. HP: 18/18 MP: 1/1
    75 | D:1      | Found Macecepp's Distillery.
    96 | D:1      | Gained mutation: You sometimes gain a little power by
                  | taking damage. [demonic ancestry]
    96 | D:1      | Reached XP level 2. HP: 17/24 MP: 2/2
   225 | D:1      | Found a faded altar of an unknown god.
   738 | D:2      | Reached skill level 1 in Dodging
   738 | D:2      | Reached XP level 3. HP: 24/29 MP: 3/3
   788 | D:2      | Noticed an ogre
   799 | D:2      | Killed an ogre
   800 | D:2      | Reached XP level 4. HP: 14/35 MP: 4/4
   884 | D:2      | Found Kuazxilo's Distillery.
   927 | D:2      | Gained mutation: You have sharp fingernails. [demonic
                  | ancestry]
   927 | D:2      | Reached XP level 5. HP: 16/41 MP: 5/5
  1798 | D:3      | Found a shimmering altar of Xom.
  2345 | D:3      | Noticed Ijyb
  2389 | D:3      | Slain by Ijyb

Illustrated notes

Levels and vault maps discovered:
D:1:      spicycebolla_arrival_risky_transporter, layout_rooms,
          shapermc_ecumenical_altar_mp_urbaneastern, serial_shops, shop
D:2:      layout_basic, serial_shops, shop, minmay_misc_feat_five
D:3:      layout_basic, lemuel_round_altar, serial_co_window_serial,
          co_window_corner_a, co_window_paths_b, co_window_corner_a,
          co_window_paths_b, co_window_paths_b, co_window_2corner,
          co_window_of_opportunity_c, co_window_unsneaky_path_e,
          co_window_corner_b, co_window_paths_c, co_window_4corner_b,
          co_window_sun, glass_columns_a, glass_columns_a, glass_columns_c,
          glass_columns_c, glass_columns_a, chequers_arboretum, uniq_ijyb

Skill      XL: |  1  2  3  4  5 |
---------------+----------------+-----
Long Blades    | 2 3 |  3.9
Armour         | 3 |  3.6
Dodging        | 1 2 |  2.1
Fighting       | |  3.7
Shields        | |  2.6

Action                     |  1- 3 |  4- 6 || total
---------------------------+-------+-------++-------
  Melee: Long sword        |    91 |   134 ||   225
         Punch             |       |     1 ||     1
    Use: Potion            |     1 |       ||     1
 Armour: Scale mail        |    65 |    69 ||   134
  Dodge: Dodged            |    62 |    77 ||   139

Table legend: (Time is in decaauts)
 A = Elapsed time spent in this place.
 B = Non-inter-level travel time spent in this place.
 C = Inter-level travel time spent in this place.
 D = Time resting spent in this place.
 E = Time spent auto-exploring this place.
 F = Levels seen in this place.
 G = Mean time per level.
                   A        B        C        D        E       F      G
               +--------+--------+--------+--------+--------+-----+--------+
         Total |   2446 |   2392 |     54 |    179 |   1686 |   3 |  815.3 |
       Dungeon |   2446 |   2392 |     54 |    179 |   1686 |   3 |  815.3 |
               +--------+--------+--------+--------+--------+-----+--------+

Top non-repeatable levels by time:
     D:2: 1032 daAuts
     D:3: 714 daAuts
     D:1: 698 daAuts
